 Dungeon Crawl Stone Soup version 0.23-a0-139-ga22e90c45f (webtiles) character file.

3343 MirrMurr the Carver (level 9, -14/106 HPs)
             Began as a Demonspawn Berserker on Aug 29, 2018.
             Was a Priest of Trog.
             Demolished by a red ugly thing (15 damage)
             ... on level 8 of the Dungeon on Aug 30, 2018.
             The game lasted 00:20:31 (8422 turns).

MirrMurr the Carver (Demonspawn Berserker)          Turns: 8422, Time: 00:20:32

Health: -14/106    AC: 14    Str: 25    XL:     9   Next: 72%
Magic:  0/9        EV:  7    Int:  9    God:    Trog [***...]
Gold:   312        SH: 13    Dex: 13    Spells: 8/8 levels left

rFire    . . .     SeeInvis .   a - +1 demon blade of Sulphur {elec, *Slow rC+ MR++}
rCold    + . .     Gourm    .   j - +0 shield
rNeg     . . .     Faith    .   k - +0 plate armour
rPois    .         Spirit   +   (helmet restricted)
rElec    .         Reflect  +   (no cloak)
rCorr    .         Harm     .   m - +1 pair of gloves
MR       ++...                  (no boots)
Stlth    ..........             u - +3 amulet of reflection
HPRegen  0.27/turn              (no ring)
MPRegen  0.22/turn              (no ring)

@: berserking, very quick
A: horns 1, magic shield, magic regeneration, magic link
a: Berserk, Trog's Hand, Renounce Religion


You were on level 8 of the Dungeon.
You worshipped Trog.
Trog was most pleased with you.
You were hungry.

You visited 2 branches of the dungeon, and saw 9 of its levels.

You collected 312 gold pieces.

Inventory:

Hand Weapons
 a - the +1 demon blade of Sulphur (weapon) {elec, *Slow rC+ MR++}
   (You found it on level 5 of the Dungeon)

   Occasionally, upon striking a foe, it will discharge some electrical energy
   and cause terrible harm.
   It protects you from cold.
   It affects your resistance to hostile enchantments.
   It may slow you when you take damage.
 b - a +7 hunting sling
 q - a +0 blowgun
Missiles
 d - 31 poisoned needles
 f - 197 stones (quivered)
 o - 49 sling bullets
Armour
 j - a +0 shield (worn)
 k - a +0 plate armour (worn)
 m - a +1 pair of gloves (worn)
Jewellery
 u - a +3 amulet of reflection (around neck)
Wands
 g - a wand of enslavement (15)
 i - a wand of polymorph (26)
 v - a wand of digging (5)
Scrolls
 h - 4 scrolls of teleportation
 r - a scroll of remove curse
 w - a scroll of magic mapping
Potions
 e - 4 potions of lignification
 l - 3 potions of cancellation
 n - a potion of agility
 p - 2 potions of mutation
 s - a potion of ambrosia
 x - a potion of resistance
Comestibles
 c - 13 rations
 t - 3 chunks of flesh


   Skills:
 + Level 6.5 Fighting
 * Level 8.1 Long Blades
 + Level 5.7 Armour
 + Level 5.6 Dodging
 + Level 3.6 Shields


You had 8 spell levels left.
You didn't know any spells.
Your spell library was empty.

Dungeon Overview and Level Annotations

Branches:
Dungeon (8/15)             Temple (1/1) D:6
   Lair: D:8-11

Altars:
Uskayaw

Shops:
D:7 ?

Annotations:
D:4 2 transporters, WhatIsLove's ghost, amateur SpMo


Innate Abilities, Weirdness & Mutations

You have a pair of small horns on your head.
When hurt, damage is shared between your health and your magic reserves.
You regenerate magic rapidly.
When low on magic, you restore magic in place of health.


Message History

You are feeling hungry.
The red ugly thing kicks you.
You are engulfed in flames!
* * * LOW HITPOINT WARNING * * *
You slash the red ugly thing! You headbutt the red ugly thing.
The red ugly thing is moderately wounded.
You block the red ugly thing's attack.
You slice the red ugly thing!!
The red ugly thing is severely wounded.
Your shield and plate armour prevent you from hitting the red ugly thing.
The red ugly thing is severely wounded.
The red ugly thing kicks you.
* * * LOW HITPOINT WARNING * * *
You are engulfed in flames!!
* * * LOW HITPOINT WARNING * * *
You slice the red ugly thing!!
The red ugly thing is almost dead.
The red ugly thing kicks you!
* * * LOW HITPOINT WARNING * * *
You are engulfed in flames!
You die...

# #... #. #....
.. # ###.. #.
#. ..# . #...#
..#### ......
##.# #.#####(#
#.. #.@u(..(#
##.####..######
###........#
#...)####...#
......#.##
..#.# ...## #.#
#.##..# . #.#
#. #... #.# ..
#... ##.###.#
...


You could see a red ugly thing.

Vanquished Creatures
  Pikel (D:7)
  Joseph (D:8)
  Prince Ribbit (D:7)
  Eustachio (D:5)
  Duvessa (D:4)
  3 ice beasts
  A slave (D:7)
  2 black bears (D:6)
  2 sky beasts
  2 phantoms
  A centaur (D:6)
  An ogre (D:4)
  2 big kobolds (D:6)
  2 gnoll sergeants (D:5)
  Dowan (D:4)
  A scorpion (D:4)
  A water moccasin skeleton (D:4)
  3 wights (D:5)
  A howler monkey (D:4)
  A crimson imp (D:4)
  A hound (D:6)
  An orc priest (D:4)
  A bullfrog skeleton (D:4)
  A gnoll shaman (D:5)
  3 orc wizards
  3 iguanas
  4 worker ants
  A hound skeleton (D:5)
  A howler monkey zombie (D:6)
  A worker ant zombie (D:6)
  5 gnolls (D:5)
  An adder (D:8)
  2 shadow imps
  An ooze (D:1)
  2 adder skeletons
  A worm (D:3)
  A dart slug (D:2)
  2 leopard geckos (D:4)
  16 orcs
  6 bats
  3 giant cockroaches
  13 goblins
  11 hobgoblins
  9 jackals
  2 quokkas
  2 ball pythons
  A frilled lizard (D:2)
  7 kobolds
  3 rats
134 creatures vanquished.

Vanquished Creatures (others)
  2 plants (D:4)
2 creatures vanquished.

Grand Total: 136 creatures vanquished

Notes
Turn   | Place    | Note
-------+----------+-------------------------------------------
     0 | D:1      | MirrMurr the Demonspawn Berserker began the quest for the
                  | Orb.
     0 | D:1      | Reached XP level 1. HP: 18/18 MP: 1/1
   337 | D:1      | Gained mutation: When hurt, damage is shared between your
                  | health and your magic reserves. [demonic ancestry]
   337 | D:1      | Reached XP level 2. HP: 23/24 MP: 2/2
   410 | D:1      | Reached skill level 3 in Long Blades
  1187 | D:2      | Reached XP level 3. HP: 29/29 MP: 3/3
  1724 | D:3      | Reached ** piety under Trog
  2306 | D:3      | Upgraded the game from 0.23-a0-137-gef0ad6d46f to
                  | 0.23-a0-139-ga22e90c45f
  2795 | D:4      | Reached XP level 4. HP: 34/35 MP: 2/4
  2815 | D:4      | Noticed an ogre
  2830 | D:4      | Gained mutation: You have a pair of small horns on your
                  | head. [demonic ancestry]
  2830 | D:4      | Reached XP level 5. HP: 33/42 MP: 3/5
  2853 | D:3      | Reached skill level 4 in Long Blades
  3036 | D:4      | Noticed WhatIsLove's ghost (amateur SpMo)
  3037 | D:4      | Noticed an ogre
  3043 | D:4      | Found a transporter.
  3187 | D:4      | Found a transporter.
  3547 | D:4      | Gained mutation: You regenerate magic rapidly. [demonic
                  | ancestry]
  3547 | D:4      | Reached XP level 6. HP: 48/48 MP: 6/6
  4482 | D:4      | Noticed Duvessa
  4482 | D:4      | Noticed Dowan
  4516 | D:4      | Killed Duvessa
  4516 | D:4      | Reached skill level 5 in Long Blades
  4516 | D:4      | Gained mutation: When low on magic, you restore magic in
                  | place of health. [demonic ancestry]
  4516 | D:4      | Reached XP level 7. HP: 33/55 MP: 5/7
  4533 | D:4      | Killed Dowan
  4590 | D:5      | Entered Level 5 of the Dungeon
  5188 | D:5      | Noticed Eustachio
  5233 | D:5      | Reached skill level 5 in Fighting
  5296 | D:5      | Reached skill level 6 in Long Blades
  5296 | D:5      | Reached XP level 8. HP: 50/62 MP: 8/8
  5469 | D:5      | Killed Eustachio
  5469 | D:5      | Reached skill level 1 in Shields
  6182 | D:5      | Got an ichor-stained demon blade
  6184 | D:5      | Identified the cursed +1 demon blade of Sulphur {elec,
                  | *Slow rC+ MR++} (You found it on level 5 of the Dungeon)
  6485 | D:6      | Reached skill level 7 in Long Blades
  6576 | D:6      | Reached skill level 5 in Armour
  6576 | D:6      | Reached XP level 9. HP: 25/69 MP: 9/9
  7015 | D:6      | Found a hide-covered altar of Uskayaw.
  7049 | D:6      | Reached skill level 5 in Dodging
  7205 | D:6      | Found a staircase to the Ecumenical Temple.
  7384 | Temple   | Entered the Ecumenical Temple
  7412 | D:7      | Found Qockomat's Magic Scroll Shop.
  7714 | D:7      | Reached *** piety under Trog
  7794 | D:7      | Noticed Pikel
  7806 | D:7      | Killed Pikel
  7859 | D:7      | Noticed Prince Ribbit
  7878 | D:7      | Killed Prince Ribbit
  8063 | D:8      | Noticed a red ugly thing
  8369 | D:8      | Noticed Joseph
  8390 | D:8      | Killed Joseph
  8390 | D:8      | Reached skill level 8 in Long Blades
  8422 | D:8      | HP: 1/106 [red ugly thing (7)]
  8422 | D:8      | Demolished by a red ugly thing

Vault maps used:
D:1:      roderic_crossed_star, nrook_mini_backslash
D:2:      kennysheep_generic_room_12
D:4:      wad_lake_hut, first_ration, gammafunk_ghost_arena, uniq_duvessa
D:5:      sword_in_stone
D:6:      cheibrodos_thug_alley, eat_drink_and_be_merry_uskayaw,
          minmay_temple_entry_statues, grunt_ministairs_12, uniq_eustachio
D:7:      enter_bailey_3, serial_shops, shop, uniq_pikel, uniq_prince_ribbit1
D:8:      serial_shops, kennysheep_mini_moat, grunt_pizzeria, uniq_joseph,
          uniq_erica, uniq_grum
Temple:   kilobyte_greek_temple

Skill      XL: |  1  2  3  4  5  6  7  8  9 |
---------------+----------------------------+-----
Armour         | 2 3 4 5 |  5.7
Long Blades    | 3 4 5 6 7 8 |  8.1
Dodging        | 2 3 4 5 |  5.6
Fighting       | 4 5 6 |  6.5
Shields        | 2 3 |  3.6

Action                   |  1- 3 |  4- 6 |  7- 9 || total
-------------------------+-------+-------+-------++-------
Melee: Falchion          |   142 |   100 |   180 ||   422
       Headbutt          |       |    19 |    76 ||    95
       Demon blade       |       |       |   186 ||   186
 Fire: Blowgun           |       |     6 |       ||     6
       Hunting sling     |       |       |     4 ||     4
Throw: Stone             |       |     1 |       ||     1
Invok: Trog's Hand       |     1 |     2 |     4 ||     7
       Berserk           |     1 |       |     2 ||     3
Evoke: Wand              |       |       |     1 ||     1
  Use: Scroll            |    11 |     1 |    11 ||    23
       Potion            |       |       |     3 ||     3
 Stab: Sleeping          |     2 |       |       ||     2
  Eat: Chunk             |     4 |     4 |    11 ||    19
       Ration            |     1 |     1 |     1 ||     3
Armor: Animal skin       |    14 |       |       ||    14
       Chain mail        |    18 |       |       ||    18
       Ring mail         |    12 |       |       ||    12
       Plate armour      |       |    64 |   228 ||   292
Dodge: Dodged            |    98 |    34 |    73 ||   205
Block: Shield            |       |       |   154 ||   154
       Reflection        |       |       |     4 ||     4
       Rpst.: Falchion   |    39 |    13 |    21 ||    73
       Demon blade       |       |       |     4 ||     4

Table legend:
 A = Non-vault XP
 B = Vault XP
 C = Vault XP percentage of total XP
 D = Non-vault monster count
 E = Vault monster count
 F = Vault count percentage of total count
                 A         B        C        D         E       F
            +---------+---------+-------+---------+---------+-------
      Total |    2427 |    2349 |  49.2 |     108 |      25 |  18.8
            +---------+---------+-------+---------+---------+-------
        D:1 |      31 |       0 |   0.0 |      16 |       0 |   0.0
        D:2 |      18 |       0 |   0.0 |      10 |       0 |   0.0
        D:3 |      72 |       0 |   0.0 |      17 |       0 |   0.0
        D:4 |     582 |     218 |  27.2 |      22 |       2 |   8.3
        D:5 |     537 |     558 |  51.0 |      18 |       6 |  25.0
        D:6 |     888 |     257 |  22.4 |      12 |      10 |  45.5
        D:7 |     154 |     871 |  85.0 |       7 |       6 |  46.2
        D:8 |     145 |     445 |  75.4 |       6 |       1 |  14.3
            +---------+---------+-------+---------+---------+-------
